 Dungeon Crawl Stone Soup version 0.26.1-2-gb8aa6d0cf2 (webtiles) character file.

Game seed: 13413708745711448878

113215 OdinFK the Unseen (level 16, -4/84 HPs)
             Began as a Vine Stalker Necromancer on Mar 24, 2021.
             Was the Champion of Kikubaaqudgha.
             Killed from afar by Aizul (11 damage)
             ... with a poison arrow
             ... on level 3 of the Snake Pit on Mar 25, 2021.
             The game lasted 02:33:09 (22307 turns).

OdinFK the Unseen (Vine Stalker Necromancer)       Turns: 22307, Time: 02:33:09

Health: -4/84      AC: 15    Str: 17    XL:     16   Next: 62%
Magic:  0/21       EV: 18    Int: 27    God:    Kikubaaqudgha [******]
Gold:   1052       SH:  5    Dex: 22    Spells: 3/21 levels left

rFire    + . .     SeeInvis .   a - +10 mace "Vine Stalker's Regret" {venom, +Fly Dex+7}
rCold    . . .     Faith    .   (no shield)
rNeg     + . .     Spirit   +   e - +1 ring mail of Azxod {+Inv rElec Regen+ Int+5}
rPois    +         Reflect  +   y - +1 helmet
rElec    +         Harm     .   B - +2 cloak {Will+}
rCorr    .         Rampage  .   j - +0 pair of gloves
Will     +++..                  H - +1 pair of boots
Stlth    ++++++....             g - amulet of Suhiplok {Reflect Str+4 SH+5}
HPRegen  1.44/turn              c - ring of poison resistance
MPRegen  0.17/turn              T - ring "Luduwat" {rElec rF+ rN+ Int+2}

@: lethally poisoned (-4 -> -4)
A: fangs 3, regeneration 2, magic shield, antimagic bite, no potion heal 3
a: Renounce Religion, Evoke Invisibility, Evoke Flight, Receive Corpses,
Torment, Brand Weapon With Pain, Receive Necronomicon


You were on level 3 of the Snake Pit.
You worshipped Kikubaaqudgha.
Kikubaaqudgha was exalted by your worship.
You visited 4 branches of the dungeon, and saw 24 of its levels.
You also visited: Bailey, Gauntlet and Ice Cave.

You collected 2051 gold pieces.
You spent 999 gold pieces at shops.

Inventory:

Hand Weapons
 a - the +10 mace "Vine Stalker's Regret" (weapon) {venom, +Fly Dex+7}
   (You found it on level 5 of the Dungeon)

   It poisons the flesh of those it strikes.
   It affects your dexterity (+7).
   It lets you fly.
Missiles
 d - 66 boomerangs (quivered)
 k - 92 poisoned darts
 W - 3 boomerangs of dispersal
Armour
 e - the +1 ring mail of Azxod (worn) {+Inv rElec Regen+ Int+5}
   (You found it on level 5 of the Lair of Beasts)

   It affects your intelligence (+5).
   It insulates you from electricity.
   It lets you turn invisible.
   It increases your rate of regeneration.
 j - a +0 pair of gloves (worn)
 y - a +1 helmet (worn)
 B - a +2 cloak of willpower (worn)
 H - a +1 pair of boots (worn)
Magical Staves
 b - an uncursed staff of death
Jewellery
 c - a ring of poison resistance (left hand)
 f - an uncursed ring of flight {unknown}
 g - the amulet of Suhiplok (around neck) {Reflect Str+4 SH+5}
   (You found it on level 4 of the Dungeon)

   [amulet of reflection]

   It shields you and reflects attacks.
   It affects your strength (+4).
   It affects your SH (+5).
 s - a +4 ring of evasion
 A - a +4 ring of protection
 J - the ring of Epsodav {rC+ Will+ Str+3}
   (You found it on level 7 of the Dungeon)

   [ring of willpower]

   It affects your strength (+3).
   It protects you from cold.
   It affects your willpower, your defense against some magical effects.
 T - the ring "Luduwat" (right hand) {rElec rF+ rN+ Int+2}
   (You found it on level 12 of the Dungeon)

   [ring of protection from fire]

   It affects your intelligence (+2).
   It protects you from fire.
   It insulates you from electricity.
   It protects you from negative energy.
 Y - an uncursed ring of see invisible
Wands
 p - a wand of digging (15)
 x - a wand of paralysis (9)
 C - a wand of acid (18)
 D - a wand of enslavement (10)
 N - a wand of disintegration (14)
Scrolls
 i - a scroll of amnesia
 n - 2 scrolls of blinking {unknown}
 t - 9 scrolls of teleportation
 u - 9 scrolls of remove curse
 E - 2 scrolls of fog
 I - 2 scrolls of immolation
 L - 4 scrolls of enchant armour
 M - 7 scrolls of magic mapping
 P - a scroll of brand weapon {unknown}
 U - 3 scrolls of silence
 Z - 3 scrolls of holy word
Potions
 h - 2 potions of haste
 m - 3 potions of might
 o - a potion of magic
 q - 14 potions of curing
 r - 2 potions of resistance
 z - 5 potions of cancellation
 F - 3 potions of ambrosia {unknown}
 K - 3 potions of lignification
 O - 4 potions of flight
 Q - a potion of berserk rage {unknown}
 R - 4 potions of invisibility
 S - 2 potions of attraction {unknown}
 V - a potion of brilliance {unknown}
Miscellaneous
 l - a phantom mirror
 v - a condenser vane
 X - a phial of floods


   Skills:
 - Level 9.0 Fighting
 - Level 10.0 Maces & Flails
 - Level 4.0 Throwing
 - Level 2.5 Armour
 - Level 9.0 Dodging
 + Level 17.6 Stealth
 - Level 3.0 Spellcasting
 + Level 15.7 Necromancy
 - Level 7.0 Earth Magic
 - Level 5.0 Evocations


You had 3 spell levels left.
You knew the following spells:

 Your Spells              Type           Power        Failure   Level
a - Borgnjor's Vile Clut  Necr/Erth      30%          4%          5
c - Vampiric Draining     Necr           36%          1%          3
d - Animate Dead          Necr           36%          1%          4
e - Agony                 Necr           73%          1%          5
f - Apportation           Tloc           8%           16%         1

Your spell library contained the following spells:

 Spells                   Type           Power        Failure   Level
 Animate Skeleton         Necr           100%         1%          1
 Pain                     Necr           100%         1%          1
 Corpse Rot               Necr/Air       N/A          1%          2
 Sublimation of Blood     Necr           36%          1%          2
 Beastly Appendage        Tmut           8%           16%         1
 Corona                   Hex            4%           16%         1
 Magic Dart               Conj           16%          16%         1
 Shock                    Conj/Air       16%          16%         1
 Summon Small Mammal      Summ           16%          16%         1
 Blink                    Tloc           N/A          24%         2
 Call Imp                 Summ           4%           24%         2
 Ensorcelled Hibernation  Hex/Ice        8%           24%         2
 Poisonous Vapours        Pois/Air       8%           24%         2
 Slow                     Hex            4%           24%         2
 Swiftness                Air            4%           24%         2
 Confusing Touch          Hex            4%           43%         3
 Conjure Flame            Conj/Fire      4%           43%         3
 Dazzling Flash           Conj/Hex       8%           43%         3
 Ignite Poison            Fire/Tmut/Pois 4%           43%         3
 Mephitic Cloud           Conj/Pois/Air  4%           43%         3
 Static Discharge         Conj/Air       4%           43%         3
 Tukima's Dance           Hex            4%           43%         3
 Dispel Undead            Necr           73%          1%          4
 Simulacrum               Ice/Necr       23%          67%         6
 Airstrike                Air            2%           83%         4
 Lightning Bolt           Conj/Air       2%           99%         5
 Summon Demon             Summ           2%           99%         5
 Summon Forest            Summ/Tloc      2%           99%         5
 Summon Mana Viper        Hex/Summ       4%           99%         5
 Shadow Creatures         Summ           N/A          100%        6
 Summon Hydra             Summ           2%           100%        7


Dungeon Overview and Level Annotations

Branches:
Dungeon (14/15)            Temple (1/1) D:4            Lair (6/6) D:11
 Shoals (0/4) Lair:3        Snake (3/4) Lair:4        Slime (0/5) Lair:6
    Orc (0/2) D:9          Vaults (0/5) D:13         Bailey (visited)
  IceCv (visited)         Gauntlet (visited)

Altars:
Ashenzari
Cheibriados
Dithmenos
Elyvilon
Fedhas
Gozag
Hepliaklqana
Kikubaaqudgha
Makhleb
Nemelex Xobeh
Okawaru
Qazlal
Ru
Sif Muna
Trog
Uskayaw
Vehumet
Wu Jian
Xom
Yredelemnul
Zin
The Shining One

Shops:
D:4 [   D:9 [   D:10 =   D:12 =   Snake:2 }==

Portals:
Trove: D:13 (give +6 demon blade)

Annotations:
D:4 Edmund, Menkaure
D:8 exclusion: 3 oklob plants
D:14 Jorgrun
Lair:5 exclusion: oklob plant
Snake:2 exclusion: downstairs
Snake:3 Agnes, Aizul, Vashnia


Innate Abilities, Weirdness & Mutations

You have razor-sharp teeth.
You heal very quickly.
When hurt, damage is shared between your health and your magic reserves.
Your bite disrupts and absorbs the magic of your enemies.
Potions cannot restore your health.


Message History

The floor, spattered with blood.
Okay, then.
You miss Aizul. You bite Aizul, but do no damage.
Aizul is almost dead.
You feel sick. Aizul hits you but does no damage.
You sock Aizul! You bite Aizul, but do no damage.
Aizul is almost dead.
You feel sick.
Aizul coils herself and waves her upper body at you.
The bolt of poison misses you.
You hit Aizul but do no damage.
Aizul is almost dead.
You feel sick. Aizul hits you!
* * * LOW HITPOINT WARNING * * *
Aizul casts a spell at you. The poison arrow hits you!
You are more poisoned.
You partially resist.
You die...
Kikubaaqudgha rasps: "You have failed me!
Welcome... death!"

#.(###.##.......##
#####.####.##.......#
#.......##.##.......# .
#.......##.##.......# ..
#(.<(...##.##.......##### .#
####N....[.##.##...........##
.###..S.......##.##............##
.##.N###########S#.)............#
....## #@#.###........>.#
############ #.#.# #..........#
#).........# #.#.# #..........#
#..........#####.#.###..........#
..........)....................##
#..........#####.#.###..........#
############ ###>..###..........#
#......##..........#
#......##..........#


You could see Aizul (very poisoned).

Vanquished Creatures
  Kirke (Lair:6)
  2 nagarajas (Snake:3)
  A minotaur (Gauntlet)
  Azrael (D:13)
  Harold (D:9)
  5 naga warriors
  2 boulder beetles
  11 hydras
  7 anacondas
  A centaur warrior (D:13)
  2 dancing weapons (D:13)
  2 two-headed ogres
  2 death knights (D:13)
  3 death yaks (Lair:6)
  3 catoblepae
  12 naga sharpshooters
  A deep troll shaman (Lair:6)
  4 shock serpents
  Urug (D:11)
  A soul eater (Gauntlet)
  2 salamander mystics
  An unseen horror (D:12)
  An orc knight (Bailey)
  4 naga ritualists
  7 mana vipers
  Pikel (D:9)
  3 deep elf magi
  3 cyclopes
  10 ugly things
  10 elephants (Lair:6)
  10 salamanders
  22 black mambas
  A molten gargoyle (Gauntlet)
  Psyche (D:10)
  4 naga magi
  13 cane toads
  3 gargoyles
  Maggie (D:9)
  A freezing wraith (D:14)
  8 komodo dragons
  2 rime drakes
  2 ice devils (Lair:1)
  3 trolls (D:14)
  3 polar bears
  3 merfolk (Lair:3)
  Prince Ribbit (Lair:1)
  3 blink frogs (Lair:1)
  Grinder (D:5)
  3 hornets (Gauntlet)
  12 slime creatures
  6 dream sheep (Lair:5)
  A shadow (D:14)
  A wyvern (Lair:5)
  3 wraiths (D:13)
  3 hogs (Lair:6)
  A human (D:9)
  A human (shapeshifter) (D:12)
  23 yaks
  2 steam dragons
  A basilisk (D:13)
  3 fire elementals (D:13)
  5 vampire mosquitoes
  25 nagas
  A soldier ant (D:11)
  2 wargs (D:9)
  An acid dragon (D:13)
  5 hell hounds (D:13)
  A floating eye (D:8)
  12 water moccasins
  2 sky beasts (D:7)
  16 orc warriors
  3 black bears
  An eye of draining (D:13)
  9 ice beasts
  2 phantoms
  A necrophage (D:10)
  3 centaurs
  9 ogres
  35 wolves
  A big kobold (D:9)
  A lemure (D:9)
  15 bullfrogs
  A wyvern zombie (D:13)
  2 wyvern skeletons
  A water moccasin skeleton (D:8)
  14 killer bees
  7 scorpions
  24 wights
  6 howler monkeys
  2 bullfrog zombies
  2 centaur zombies
  6 centaur skeletons
  5 hounds
  3 jellies
  16 orc priests
  Crazy Yiuf (D:5)
  17 orc wizards
  Ijyb (D:3)
  6 hell rats (Lair:1)
  8 worker ants
  A hound skeleton (D:10)
  A howler monkey zombie (D:9)
  A worker ant zombie (D:6)
  Robin (D:3)
  8 gnolls (D:7)
  12 adders
  3 shadow imps
  3 white imps
  2 oozes (D:1)
  4 adder skeletons
  3 worms
  4 dart slugs
  3 leopard geckos
  74 orcs
  4 ball pythons
  9 bats
  3 giant cockroaches
  26 goblins
  18 hobgoblins
  4 jackals
  5 quokkas
  6 frilled lizards
  25 kobolds
  A leopard gecko skeleton (D:4)
  4 rats
744 creatures vanquished.

Vanquished Creatures (collateral kills)
  An anaconda (Snake:1)
  A naga mage (Snake:1)
  A komodo dragon (Lair:5)
  A polar bear (Lair:5)
  2 wolves (Lair:5)
  A ball python (D:1)
  A hobgoblin (D:1)
8 creatures vanquished.

Vanquished Creatures (others)
  A cane toad (Lair:5)
  2 bushes
  27 fungi
  57 plants
87 creatures vanquished.

Grand Total: 839 creatures vanquished

Notes
Turn   | Place    | Note
-------+----------+-------------------------------------------
     0 | D:1      | OdinFK the Vine Stalker Necromancer began the quest for the
                  | Orb.
     0 | D:1      | Reached XP level 1. HP: 9/9 MP: 4/4
   441 | D:1      | Reached XP level 2. HP: 6/14 MP: 3/6
   497 | D:1      | Learned a level 1 spell: Animate Skeleton
   737 | D:1      | Reached skill level 3 in Stealth
   737 | D:1      | Reached XP level 3. HP: 5/17 MP: 4/7
   866 | D:1      | Reached skill level 1 in Fighting
  1139 | D:1      | Learned a level 3 spell: Vampiric Draining
  1728 | D:2      | Gained mutation: Your natural rate of healing is unusually
                  | fast. [Vine Stalker growth]
  1728 | D:2      | Reached XP level 4. HP: 21/22 MP: 6/8
  2344 | D:3      | Noticed Ijyb
  2371 | D:3      | Killed Ijyb
  2589 | D:3      | Noticed Robin
  2669 | D:3      | Killed Robin
  2670 | D:3      | Reached skill level 1 in Throwing
  2670 | D:3      | Reached skill level 4 in Stealth
  2670 | D:3      | Reached XP level 5. HP: 16/26 MP: 0/9
  2815 | D:3      | Reached skill level 5 in Necromancy
  3098 | D:3      | Found a hazy altar of Hepliaklqana.
  3098 | D:3      | Found a broken altar of Ashenzari.
  3099 | D:3      | Found a shimmering altar of Xom.
  3244 | D:4      | Found Hasmant's Antique Armour Boutique.
  3264 | D:4      | Noticed Menkaure
  3265 | D:4      | Bought a runed robe for 92 gold pieces
  3301 | D:4      | Reached XP level 6. HP: 24/30 MP: 7/10
  3486 | D:4      | Found a sacrificial altar of Ru.
  3510 | D:4      | Noticed Edmund
  3602 | D:4      | Got an ancient tin amulet
  3637 | D:4      | Found a burning altar of Makhleb.
  3684 | D:4      | Noticed a phantom
  3727 | D:4      | Killed a phantom
  3728 | D:4      | Reached XP level 7. HP: 29/35 MP: 11/11
  3791 | D:4      | Found a staircase to the Ecumenical Temple.
  3801 | Temple   | Entered the Ecumenical Temple
  3854 | Temple   | Became a worshipper of Kikubaaqudgha
  4096 | D:5      | Entered Level 5 of the Dungeon
  4122 | D:5      | Learned a level 4 spell: Animate Dead
  4124 | D:5      | Noticed Grinder
  4203 | D:5      | Got a pitted mace
  4204 | D:5      | Found a runed translucent door.
  4205 | D:5      | Noticed Crazy Yiuf
  4213 | D:5      | Killed Crazy Yiuf
  4329 | D:5      | Reached skill level 5 in Stealth
  4715 | D:4      | Found a bloodstained altar of Trog.
  4935 | D:5      | Found a blossoming altar of Fedhas.
  5027 | D:4      | Bought a pair of runed boots for 187 gold pieces
  5170 | D:5      | Reached skill level 6 in Stealth
  5230 | D:6      | Gained mutation: You have razor-sharp teeth. [Vine Stalker
                  | growth]
  5230 | D:6      | Reached XP level 8. HP: 40/40 MP: 12/12
  5631 | D:5      | Identified the amulet of Suhiplok {Reflect Str+4 SH+5} (You
                  | found it on level 4 of the Dungeon)
  5631 | D:5      | Identified the +10 mace "Vine Stalker's Regret" {venom,
                  | +Fly Dex+7} (You found it on level 5 of the Dungeon)
  5760 | D:6      | Reached skill level 1 in Maces & Flails
  6208 | D:5      | Killed Grinder
  6274 | D:6      | Reached * piety under Kikubaaqudgha
  6274 | D:6      | Identified Kikubaaqudgha's Incunabulum of Unholy Magic
                  | (Kikubaaqudgha gifted it to you on level 6 of the Dungeon)
  6274 | D:6      | Received a gift from Kikubaaqudgha
  6275 | D:6      | Reached XP level 9. HP: 44/44 MP: 13/13
  6574 | D:7      | Got a wavering wooden ring
  6580 | D:7      | Identified the ring of Epsodav {rC+ Will+ Str+3} (You found
                  | it on level 7 of the Dungeon)
  6961 | D:7      | Reached skill level 7 in Stealth
  7121 | D:7      | Reached ** piety under Kikubaaqudgha
  7174 | D:8      | Noticed a deep elf mage
  7338 | D:8      | Killed a deep elf mage
  7396 | D:8      | Reached XP level 10. HP: 51/51 MP: 15/15
  7463 | D:8      | Reached skill level 8 in Stealth
  7465 | D:8      | Noticed an oklob plant
  7465 | D:8      | Noticed an oklob plant
  7474 | D:8      | Learned a level 5 spell: Agony
  7476 | D:8      | Learned a level 1 spell: Apportation
  7694 | D:8      | Reached skill level 5 in Fighting
  7793 | D:8      | Found a glowing silver altar of Zin.
  7794 | D:8      | Noticed a two-headed ogre
  7837 | D:8      | Killed a two-headed ogre
  7837 | D:8      | Reached *** piety under Kikubaaqudgha
  7837 | D:8      | Identified Kikubaaqudgha's Handbook of Black Arts
                  | (Kikubaaqudgha gifted it to you on level 8 of the Dungeon)
  7837 | D:8      | Received a gift from Kikubaaqudgha
  7838 | D:8      | Reached skill level 10 in Necromancy
  7903 | D:8      | Reached skill level 9 in Stealth
  7908 | D:8      | Reached skill level 5 in Dodging
  7961 | D:8      | Noticed an oklob plant
  8118 | D:9      | Found Cheibriados's Comfort Zone.
  8119 | D:9      | Found a snail-covered altar of Cheibriados.
  8119 | D:9      | Noticed Maggie
  8178 | D:9      | Reached **** piety under Kikubaaqudgha
  8181 | D:9      | Found a staircase to the Orcish Mines.
  8283 | D:9      | Found a flagged portal.
  8299 | Bailey   | Entered a bailey
  8508 | Bailey   | Noticed an orc knight
  8538 | Bailey   | Killed an orc knight
  8539 | Bailey   | Reached XP level 11. HP: 26/55 MP: 9/16
  8717 | D:9      | Noticed Harold
  8718 | D:9      | Reached ***** piety under Kikubaaqudgha
  8745 | D:9      | Killed Harold
  8860 | D:9      | Noticed Pikel
  8873 | D:9      | Killed Pikel
  8982 | D:9      | Killed Maggie
  8983 | D:9      | Reached skill level 1 in Evocations
  9401 | D:10     | Entered Level 10 of the Dungeon
  9436 | D:10     | Noticed Psyche
  9441 | D:10     | Killed Psyche
  9485 | D:10     | Found Arusmeir's Jewellery Boutique.
  9714 | D:10     | Found a radiant altar of Vehumet.
 10167 | D:11     | Noticed a red ugly thing
 10305 | D:11     | Killed a red ugly thing
 10329 | D:11     | Noticed Urug
 10347 | D:11     | Killed Urug
 10463 | D:11     | Found a staircase to the Lair.
 10653 | D:11     | You fall into a shaft and drop 2 floors!
 10703 | D:13     | Noticed a death knight
 10790 | D:13     | Gained mutation: You heal very quickly. [Vine Stalker
                  | growth]
 10790 | D:13     | Reached XP level 12. HP: 54/60 MP: 14/17
 10800 | D:13     | Found an iron altar of Okawaru.
 10890 | D:13     | Noticed a centaur warrior
 10898 | D:13     | Killed a centaur warrior
 10899 | D:13     | Reached skill level 5 in Maces & Flails
 10899 | D:13     | Reached skill level 10 in Stealth
 10939 | D:13     | Noticed a death knight
 11078 | D:13     | Found a gate to the Vaults.
 11131 | D:13     | Noticed Azrael
 11218 | D:13     | Found a portal to a secret trove of treasure.
 11237 | D:13     | Found a bloodstained altar of Trog.
 11344 | D:11     | Found a stormy altar of Qazlal.
 11559 | Lair:1   | Entered Level 1 of the Lair of Beasts
 11754 | Lair:1   | Found a frozen archway.
 11804 | IceCv    | Entered an ice cave
 11828 | IceCv    | Reached skill level 11 in Stealth
 11834 | IceCv    | Found a transporter.
 12034 | Lair:1   | Noticed Prince Ribbit
 12049 | Lair:1   | Reached ****** piety under Kikubaaqudgha
 12051 | Lair:1   | Killed Prince Ribbit
 12239 | Lair:1   | Noticed a six-headed hydra
 12305 | Lair:1   | Found an ornate altar of the Wu Jian Council.
 12305 | Lair:1   | Noticed a boulder beetle
 12306 | Lair:1   | Found a hide-covered altar of Uskayaw.
 12330 | Lair:1   | Killed a six-headed hydra
 12331 | Lair:1   | Reached skill level 12 in Stealth
 12331 | Lair:1   | Reached XP level 13. HP: 61/67 MP: 16/18
 12877 | Lair:2   | Reached skill level 13 in Stealth
 14011 | Lair:3   | Found a sparkling altar of Nemelex Xobeh.
 14174 | Lair:4   | Found a staircase to the Snake Pit.
 14765 | Lair:5   | Got a heavily runed ring mail
 14776 | Lair:5   | Identified the +1 ring mail of Azxod {+Inv rElec Regen+
                  | Int+5} (You found it on level 5 of the Lair of Beasts)
 14880 | Lair:5   | Identified Iluo's Incunabulum of Lightness and Shape
                  | Shifting
 15151 | Lair:5   | Reached skill level 1 in Armour
 15278 | Lair:6   | Entered Level 6 of the Lair of Beasts
 15356 | Lair:6   | Reached XP level 14. HP: 72/72 MP: 19/19
 15521 | Lair:6   | Learned a level 5 spell: Borgnjor's Vile Clutch
 15573 | Lair:6   | Found a staircase to the Slime Pits.
 15595 | Lair:6   | Reached skill level 14 in Stealth
 15835 | Lair:6   | Reached skill level 1 in Earth Magic
 15878 | Lair:6   | Noticed Kirke
 15883 | Lair:6   | Noticed a sphinx
 16449 | Lair:6   | Killed Kirke
 16542 | Lair:6   | Reached skill level 15 in Stealth
 16848 | D:12     | Got a faintly glowing robe
 16859 | D:12     | Identified the +1 robe "Zanussai" {MP+9} (You found it on
                  | level 12 of the Dungeon)
 16966 | D:12     | Found Maithips's Jewellery Boutique.
 17064 | D:12     | Identified the cursed +1 flail of Wueb {vamp, rF++ Int+4}
                  | (You found it on level 12 of the Dungeon)
 17445 | D:12     | Got a sparkling wooden ring
 17447 | D:12     | Identified the ring "Luduwat" {rElec rF+ rN+ Int+2} (You
                  | found it on level 12 of the Dungeon)
 18014 | D:13     | Killed Azrael
 18042 | D:13     | Reached XP level 15. HP: 63/77 MP: 20/20
 18068 | D:13     | Got a spiked tower shield
 18301 | D:14     | Found a gate leading to a gauntlet.
 18324 | Gauntlet | Entered a Gauntlet
 18324 | Gauntlet | Found a large runed translucent door.
 18324 | Gauntlet | Found a large runed translucent door.
 18324 | Gauntlet | Found a large runed translucent door.
 18324 | Gauntlet | Found a large runed translucent door.
 18324 | Gauntlet | Found a large runed translucent door.
 18324 | Gauntlet | Found a transporter.
 18324 | Gauntlet | Found a large runed translucent door.
 18324 | Gauntlet | Found a large runed translucent door.
 18324 | Gauntlet | Found a large runed translucent door.
 18324 | Gauntlet | Found a runed translucent door.
 18324 | Gauntlet | Found a runed translucent gate.
 18324 | Gauntlet | Found a runed translucent gate.
 18324 | Gauntlet | Found a transporter.
 18324 | Gauntlet | Found a transporter.
 18337 | Gauntlet | Found a transporter.
 18339 | Gauntlet | Found a transporter.
 18349 | Gauntlet | Found a transporter.
 18350 | Gauntlet | Found a transporter.
 18355 | Gauntlet | Found a runed translucent door.
 18368 | Gauntlet | Found a transporter.
 18375 | Gauntlet | Found a transporter.
 18382 | Gauntlet | Found a transporter.
 18385 | Gauntlet | Found a transporter.
 18400 | Gauntlet | Found a transporter.
 18401 | Gauntlet | Found a runed translucent gate.
 18405 | Gauntlet | Found a runed translucent door.
 18417 | Gauntlet | Found a large runed translucent door.
 18417 | Gauntlet | Found a large runed translucent door.
 18417 | Gauntlet | Found a large runed translucent door.
 18417 | Gauntlet | Found a large runed translucent door.
 18418 | Gauntlet | Found a large runed translucent door.
 18418 | Gauntlet | Found a large runed translucent door.
 18419 | Gauntlet | Found a large runed translucent door.
 18419 | Gauntlet | Found a large runed translucent door.
 18552 | Gauntlet | Paralysed by a hornet for 2 turns
 18567 | Gauntlet | Paralysed by a hornet for 3 turns
 18608 | Gauntlet | Got a steaming platinum ring
 18644 | Gauntlet | Reached skill level 5 in Evocations
 18863 | D:14     | Found a shadowy altar of Dithmenos.
 18863 | D:14     | Noticed Jorgrun
 19268 | D:13     | Identified the +7 tower shield of the Moon {Dex+3 Slay+3}
                  | (You found it on level 13 of the Dungeon)
 19311 | D:13     | Identified the ring of Pyheyvum {*Tele *Corrode +Fly rF+
                  | rC+} (You found it in a Gauntlet)
 19414 | D:10     | Bought an uncursed ring of poison resistance for 240 gold
                  | pieces
 19622 | Lair:3   | Found a staircase to the Shoals.
 19752 | Snake:1  | Entered Level 1 of the Snake Pit
 19769 | Snake:1  | Reached skill level 5 in Earth Magic
 20066 | Snake:1  | Reached skill level 16 in Stealth
 20883 | Snake:1  | Reached XP level 16. HP: 84/84 MP: 21/21
 21080 | Snake:2  | Reached skill level 15 in Necromancy
 21361 | Snake:2  | Reached skill level 10 in Maces & Flails
 21380 | Snake:2  | Found Raseusm's Jewellery Shop.
 21383 | Snake:2  | Found Gippawn's Gadget Shoppe.
 21384 | Snake:2  | Found Sawkizaa's Jewellery Shop.
 21392 | Snake:2  | Bought a condenser vane for 480 gold pieces
 21609 | Snake:3  | Noticed Aizul
 21624 | Snake:3  | Noticed Vashnia
 21637 | Snake:3  | Reached skill level 17 in Stealth
 21987 | Snake:3  | Noticed Agnes
 22063 | Snake:3  | Noticed a nagaraja
 22162 | Snake:3  | Killed a nagaraja
 22187 | Snake:3  | Noticed a nagaraja
 22200 | Snake:3  | Killed a nagaraja
 22307 | Snake:3  | Killed from afar by Aizul

Illustrated notes

Levels and vault maps discovered:
D:1:      scummos_arrival_simple_crosswalls, layout_basic
D:2:      layout_loops_corners, serial_forest, infiniplex_forest_side_room,
          infiniplex_forest_clump_cross, infiniplex_forest_zigzag_1,
          infiniplex_forest_lined_2, infiniplex_forest_zigzag_2,
          minmay_misc_feat_ornament, hangedman_decor_points,
          minmay_small_reverse_x
D:3:      layout_loops_ring, gammafunk_temple_overflow_claw,
          minmay_fractal_squares_diagonal_5, uniq_ijyb, uniq_robin
D:4:      layout_loops_cross, nicolae_ru_great_annihilating_truth,
          marbit_many_paths, minmay_temple_entry_overgrown, serial_shops,
          nicolae_shop_temple_entry_statues_fountains, makhleb_heckhound_becter,
          uniq_menkaure, uniq_edmund
D:5:      layout_rooms, lemuel_coloured_pillars_altar, uniq_crazy_yiuf_cottage,
          uniq_grinder
D:6:      layout_layer_cave, feat_on_display
D:7:      layout_cave_pods, chequers_serial_rivers_small_3
D:8:      layout_rooms, basic_altar, disabler_island
D:9:      layout_irregular_city, erik_orc_4, enter_bailey_3, minmay_shop_chei,
          uniq_pikel, uniq_maggie, uniq_harold
D:10:     layout_basic, basic_altar, serial_shops, shop, uniq_psyche
D:11:     layout_loops_ring, grunt_lair_entry_orc_guard_hut,
          nicolae_qazlal_general_emergency, uniq_urug
D:12:     layout_loops_corners, serial_shops, shop
D:13:     layout_loops_corners, erik_vaults_1, basic_altar, enter_trove_1,
          st_stairs_9, david_defended_altar_orc, uniq_azrael
D:14:     layout_roguey, gauntlet_entry_generic,
          hangedman_decor_clover_reticule, grunt_dithmenos_smoke, uniq_jorgrun
Temple:   kb_temple_of_zot
Lair:1:   layout_cave_pods, portal_ice_cave_demonic_guard, minivault_26,
          nzn_masters_of_martial_movement, grunt_megastairs_3,
          infiniplex_staircase_pool_2, uniq_prince_ribbit2
Lair:2:   layout_loops_ring, serial_rivers, chequers_serial_rivers_marsh,
          chequers_serial_rivers_marsh, chequers_serial_rivers_marsh,
          chequers_serial_rivers_small_a, chequers_serial_rivers_small_3
Lair:3:   layout_layer_cave, elwin_shoals_entry_rooms, basic_altar,
          grunt_megastairs_4
Lair:4:   layout_loops_ring, guppyfry_snake_entry_island,
          infiniplex_staircase_pool
Lair:5:   layout_hall_layers, grunt_megastairs_1, lemuel_fruit_tree,
          minmay_lair_oklob_chamber
Lair:6:   grunt_lair_end_beastmaster, layout_cave_pods, slime_dummy, uniq_kirke
Snake:1:  layout_layer_cave, serial_bayou_pond_a, grunt_ministairs_3
Snake:2:  layout_misc_corridors, grunt_megastairs_5, minmay_shop_grove
Snake:3:  layout_rooms, uniq_agnes, uniq_vashnia, uniq_aizul

Skill      XL: |  1  2  3  4  5  6  7  8  9 10 11 12 13 14 15 16 |
---------------+-------------------------------------------------+-----
Stealth        | 3 4 6 7 9 12 13 15 16 17 | 17.6
Fighting       | 1 2 3 4 5 7 8 9 |  9.0
Dodging        | 2 4 6 8 9 |  9.0
Throwing       | 1 2 3 4 |  4.0
Necromancy     | 5 6 7 9 11 12 13 14 15 | 15.7
Maces & Flails | 2 3 4 6 7 8 9 10 | 10.0
Spellcasting   | 3 |  3.0
Evocations     | 2 3 4 5 |  5.0
Armour         | 1 2 |  2.5
Earth Magic    | 3 6 7 |  7.0

Action                   |  1- 3 |  4- 6 |  7- 9 | 10-12 | 13-15 | 16-18 || total
-------------------------+-------+-------+-------+-------+-------+-------++-------
Melee: Whip              |     5 |   133 |    82 |       |       |       ||   220
       Bite              |     2 |    22 |    84 |   276 |   558 |    93 ||  1035
       Mace              |       |       |   146 |   643 |  1108 |   204 ||  2101
Throw: Boomerang         |     9 |    10 |    15 |    23 |    43 |     3 ||   103
       Dart              |       |       |    16 |    16 |       |       ||    32
 Cast: Pain              |    56 |    75 |    40 |       |    10 |       ||   181
       Animate Skeleton  |    12 |       |       |       |       |       ||    12
       Apportation       |       |       |       |     2 |       |       ||     2
       Animate Dead      |       |       |       |     2 |     9 |     2 ||    13
       Agony             |       |       |       |     1 |    19 |    13 ||    33
       Vampiric Draining |       |       |       |       |     3 |     1 ||     4
       Borgnjor's Vile C |       |       |       |       |    21 |    32 ||    53
Invok: Receive Corpses   |       |       |       |     1 |       |       ||     1
Evoke: Wand              |       |       |       |     1 |     1 |       ||     2
  Use: Scroll            |       |     2 |     2 |     9 |    17 |     4 ||    34
       Potion            |       |       |       |     1 |     1 |     1 ||     3
 Stab: Sleeping          |     1 |     3 |     4 |    20 |    44 |     9 ||    81
       Distracted        |       |       |     2 |     4 |     5 |       ||    11
       Petrified         |       |       |       |       |     2 |       ||     2
       Petrifying        |       |       |       |       |     1 |       ||     1
       Invisible         |       |       |       |       |     4 |       ||     4
Armor: Robe              |     3 |    17 |    54 |    81 |     7 |       ||   162
       Ring mail         |       |       |       |       |   244 |    66 ||   310
       Skin              |       |       |       |       |     8 |       ||     8
Dodge: Dodged            |     9 |   107 |   184 |   595 |   930 |   175 ||  2000
Block: Other             |       |       |    36 |   132 |   248 |    49 ||   465
       Reflection        |       |       |       |    13 |     9 |     8 ||    30
